cohdb
Replays
Latest Replays
All Replays
Popular Replays
Top Player Replays
Match Explorer
How It Works
Community
CoH3 Stats
Reddit
Sign in to upload your games and track your stats! →
Sign in with Steam
Match 46984132
Unlisted
Match 46984132
Overview
Messages
Build Orders
End
Construct Infanterie Kompanie
Kettenkrad Recon Vehicle
MG 42 Machine Gun Team
Grenadier Squad
Grenadier Squad
Medical Station
Construct Panzergrenadier Kompanie
251 Medium Carrier
Panzergrenadier Squad
Selects Mechanized Battlegroup
Selects Raid Package
Pak 40 Anti-tank Gun Team
Selects StuG Assault Group
Selects StuG Assault Group
StuG Assault Group
Selects Mobile Repair Stations
Pioneer Squad
Construct Panzer Kompanie
Selects UNKNOWN (2160084)
Panther Heavy Tank
Selects Wespe Self-propelled Artillery
Selects Mechanized Assault
Mechanized Assault
Pioneer Squad
Panther Heavy Tank
Pin0kyo
BALCK_9
pagep
7k this year for sure
0
0
Comments
sign in to comment!
No comments posted yet!